 Dungeon Crawl Stone Soup version 0.28-a0-863-g8cecda6153 (webtiles) character file.

Game seed: 9924010749581088419

0 meatgazer the Skirmisher (level 1, -19/18 HPs)
             Began as a Demonspawn Abyssal Knight on Nov 17, 2021.
             Was a Follower of Lugonu.
             Killed from afar by a merfolk aquamancer (37 damage)
             ... with a torrent of water
             ... summoned by a worldbinder
             ... on level 1 of the Abyss.
             The game lasted 00:00:12 (51 turns).

meatgazer the Skirmisher (Demonspawn Abyssal Knight)  Turns: 51, Time: 00:00:13

Health: -19/18     AC:  3    Str: 13    XL:     1   Next: 0%
Magic:  2/2        EV: 11    Int: 11    God:    Lugonu [*.....]
Gold:   9          SH:  0    Dex: 13    Spells: 0/0 levels left

rFire   . . .      SeeInvis .   a - +1 mace
rCold   . . .      Faith    .   (no shield)
rNeg    . . .      Spirit   .   b - +0 leather armour
rPois   .          Reflect  .   (no helmet)
rElec   .          Harm     .   (no cloak)
rCorr   .          Rampage  .   (no gloves)
Will    .....                   (no boots)
Stlth   +.........              (no amulet)
HPRegen 0.06/turn               (no ring)
MPRegen 0.08/turn               (no ring)

@: no status effects
A: no striking features
a: Renounce Religion, Depart the Abyss


You were on level 1 of the Abyss.
You worshipped Lugonu.
Lugonu was aware of your devotion.
You visited 0 branches of the dungeon, and saw 0 of its levels.
You visited the Abyss 1 time.

You collected 9 gold pieces.

Inventory:

Hand Weapons
 a - a +1 mace (weapon)
Armour
 b - a +0 leather armour (worn)
 d - a +0 helmet
Scrolls
 e - a scroll of identify {unknown}
Potions
 c - a potion of ambrosia


   Skills:
 + Level 3.0 Fighting
 + Level 1.7 Maces & Flails
 + Level 1.7 Armour
 + Level 0.8 Dodging
 + Level 2.4 Invocations


You couldn't memorise any spells.
You didn't know any spells.
Your spell library was empty.

Dungeon Overview and Level Annotations

Branches:
Dungeon (0/15)

Altars:


Message History

Welcome, meatgazer the Demonspawn Abyssal Knight.
They say the Orb of Zot lies within this dungeon, but they say a lot of things.
Lugonu says: Depart the Abyss and spread corruption, my servant! (use the ability menu to exit the Abyss) Press ? for a list of commands and other information.
Found a corrupted altar of Lugonu.
Found a corrupted altar of Lugonu.
Unknown command.
Found a gateway leading out of the Abyss.
c - 2 fuming puce potions
Found a helmet.
Found 9 gold pieces.
You see here a +0 helmet.
d - a +0 helmet You now have 9 gold pieces.
Found a club.
e - a scroll labelled GUTEDD TUISE A tentacled starspawn comes into view.
It was a potion of ambrosia.
You are confused.
You feel invigorated.
Tentacles burst from the starspawn's body! 2 starspawn tentacles come into view.
An ufetubus comes into view.
The worldbinder calls forth creatures from the Shoals!
The ufetubus shouts!
A tentacle flies out from the starspawn's body!
A starspawn tentacle comes into view.
A small abomination comes into view.
Found 4 gold pieces.
You feel less invigorated.
You feel less confused.
The merfolk aquamancer casts a spell at you.
The torrent of water hits you!!!
Ouch! That really hurt!
You die...

...#.. ####
#.$...##.#. ...
..#..#...###x..
.........#....
#............ ..
#........... #.#
##.........
...###..@...#
#.....#..#...## .
..........mx..#...
#.....#............
#... ##......5....
##. ##..........
##... ##......#....
# ....#..#..X###...
..............# ...


You could see a tentacled starspawn, a merfolk aquamancer (summoned), a
worldbinder, a small abomination and an ufetubus.

Vanquished Creatures (others)
  4 starspawn tentacles (Abyss:1)
4 creatures vanquished.

Notes
Turn   | Place    | Note
-------+----------+-------------------------------------------
     0 | Abyss:1  | meatgazer the Demonspawn Abyssal Knight began the quest for
                  | the Orb.
     0 | Abyss:1  | Reached XP level 1. HP: 18/18 MP: 2/2
     1 | Abyss:1  | Found a corrupted altar of Lugonu.
    44 | Abyss:1  | Noticed a tentacled starspawn
    47 | Abyss:1  | Noticed a worldbinder
    49 | Abyss:1  | Noticed a merfolk aquamancer
    50 | Abyss:1  | Noticed a small abomination
    51 | Abyss:1  | Killed from afar by a merfolk aquamancer

Illustrated notes

Levels and vault maps discovered:
Abyss:1:  base: Temple, guppyfry_abyss_exit_spiral_guarded, base: Temple,
          hangedman_stitches_earthworm

Action                   || total
-------------------------++-------
  Use: Potion            ||     1

Table legend: (Time is in decaauts)
 A = Elapsed time spent in this place.
 B = Non-inter-level travel time spent in this place.
 C = Inter-level travel time spent in this place.
 D = Time resting spent in this place.
 E = Time spent auto-exploring this place.
 F = Levels seen in this place.
 G = Mean time per level.
                   A        B        C        D        E       F      G
               +--------+--------+--------+--------+--------+-----+--------+
         Total |     51 |     51 |      0 |      0 |     34 |   1 |   51.0 |
         Abyss |     51 |     51 |      0 |      0 |     34 |   1 |   51.0 |
               +--------+--------+--------+--------+--------+-----+--------+

Top non-repeatable levels by time:
 Abyss:1: 51 daAuts
